[Event "45th FIDE Chess Olympiad 2024"]
[Site "Budapest, Hungary"]
[Date "2024.09.18"]
[Round "7"]
[White "Gukesh D"]
[Black "Wei, Yi"]
[Result "1-0"]
[Annotator "Rafael Leitao"]
[ECO "B50"]
[WhiteElo "2764"]
[BlackElo "2762"]
[PlyCount "159"]
[GameId "2091260987175961"]
[EventDate "2024.??.??"]
[TimeControl "5400+30"]
[Link "https://www.chess.com/pt-BR/article/view/dez-melhores-partidas-xadrez-2024"]

1. e4 c5 2. Nf3 d6 3. Nc3 Nf6 4. Be2 {Gukesh não está interessado em uma batalha
teórica na Defesa Najdorf hoje.} 4... e5 $5 {As Negras definitivamente impedem a
abertura do centro com d2-d4. Esse é um lance relativamente raro.} (4... g6)
(4... Nc6) (4... e6) (4... a6) 5. Bc4 $5 {Uma maneira moderna de jogar,
recentemente experimentada por alguns jogadores fortes de xadrez, incluindo
Carlsen. As Brancas não se importam em mover o bispo mais uma vez, já que ele
vai para uma diagonal melhor. É impressionante como o nome de Carlsen aparece em
quase todas as aberturas que analisamos.} 5... Be7 6. d3 Nc6 7. Bg5 O-O (7...
Nd7 {faz muito sentido, propor a troca dos bispos e preservar o cavalo,
garantindo assim um maior controle sobre a casa d5.} 8. Bxe7 Qxe7 9. Nd5 Qd8
{Esta foi a partida Carlsen vs. Vachier-Lagrave, Grenke 2024.}) 8. Bxf6 Bxf6 9.
Nd5 Be6 10. Qd2 {Um lance novo.} (10. O-O g6 11. c3 Bg7 12. a3 Kh8 13. b4 {Esse
geralmente é o plano das Brancas.} 13... f5 {Com uma luta de dois gumes na
partida Caruana-Carlsen, Moscow Tal Memorial Blitz 2013.}) 10... a6 {Preparando
o avanço b7-b5, que é possível mesmo que as Brancas joguem a2-a4.} 11. O-O (11.
a4 b5 $5 {Aqui, as Brancas devem jogar} (11... Bg4 {também é interessante.}) 12.
Bb3 $1 {já que capturar em b5 é ruim:} (12. axb5 $2 axb5 13. Rxa8 Qxa8 14. Nxf6+
gxf6 15. Bxe6 Qa1+ 16. Qd1 Qxd1+ 17. Kxd1 fxe6 {com um final melhor para as
Negras.})) 11... b5 12. Bb3 Kh8 13. a3 {Agora começa um jogo de manobras.} (13.
a4 {também é possível, quando as Negras podem jogar} 13... b4 {e preparar o
mesmo plano que na partida.}) 13... Rb8 14. h3 g6 {Um plano típico: remover o
bispo de f6 e avançar f7-f5, assim como na Defesa Sveshnikov.} 15. c3 (15. Nxf6
{é uma opção mais maçante:} 15... Qxf6 16. Bxe6 Qxe6 {com igualdade.}) 15... Bg7
16. Ba2 {Com a3 e c3, Gukesh sugere que quer o plano clássico com b2-b4 e jogar
na ala da dama.} 16... f5 {As Negras estão preparadas para a luta e têm uma
posição confortável, embora ainda não melhor.} 17. Ng5 $6 {O início de um plano
radical que acaba sendo errado.} (17. Nb4 $5 {é uma ideia interessante, levando a
simplificações:} 17... Bd7 $1 18. Nxc6 Bxc6 19. Ng5 Bh6 20. Nf7+ Rxf7 21. Qxh6 Rf6
{com igualdade.}) (17. b4 f4 {Este lance, que define a estrutura de peões, de
maneira nenhuma é forçado, embora seja tentador, já que as Negras têm um plano
claro com g5-h5 e assim por diante.} (17... fxe4 $6 18. Ng5 $1 {Com vantagem
posicional para as Brancas.}) (17... a5) (17... Bg8) 18. a4 g5 {Com chances para
ambos os lados. Provavelmente, em uma partida entre jogadores regulares, é mais
fácil jogar de Negras.}) 17... Bg8 18. exf5 {Talvez fosse melhor jogar de outra
forma aqui, mas essa foi claramente a intenção de Gukesh com o lance anterior.}
18... gxf5 19. f4 {Uma posição crítica.} 19... c4 $5 {Um lance interessante no
estilo do GM chinês. Existem várias opções interessantes.} (19... exf4 20. Nf3 $1
{com apenas uma leve vantagem para as Negras.} (20. Qxf4 {é pior, já que as
Negras podem jogar} 20... c4 $1 (20... Ne5 {é menos claro, devido a} 21. Qg3) 21.
dxc4 bxc4 22. Bxc4 Rxb2 {com a iniciativa.}) 20... Bh6 (20... Ne5 {também é
possível. Em ambos os casos, as Negras têm um pequeno plus.})) (19... h6 {é uma
forma sólida e posicional de jogar. A ideia é} 20. Nf3 Bxd5 $1 21. Bxd5 Ne7 22.
Ba2 e4 {quando os peões no centro são muito perigosos e as Negras têm uma clara
vantagem.}) (19... a5 {é uma sugestão da máquina, mantendo a tensão no jogo. O
computador está bastante satisfeito com a posição das Negras.}) 20. dxc4 bxc4
(20... e4 {O cavalo em g5 está preso, então há algum interesse neste plano, aqui
e mais tarde.} 21. cxb5 (21. Ne3 $2 {é errado:} 21... bxc4 22. Bxc4 d5 $1 23. Bxd5
(23. Nxd5 h6) 23... Ne7 {seguido por h6, ganhando o cavalo.}) 21... Rxb5 22. a4
(22. Ne3 $2 d5 $1) (22. Nb4 $2 Nxb4 23. axb4 (23. Bxg8 Nd3 $1 24. Nf7+ Rxf7 25. Bxf7
Qb6+ 26. Kh2 Rxb2 {com uma compensação monstruosa pela qualidade.}) 23... d5 24.
h4 h6 25. Nh3 a5 $1 (25... Qxh4 {também é bom.}) 26. bxa5 Rxa5 {As peças brancas
estão completamente descoordenadas.}) (22. h4 h6 23. a4 Rb7 24. Nh3 Qxh4 {com a
iniciativa para as Negras.}) 22... Rb7 23. g4 $5 {A situação se torna incerta. A
ideia das Brancas é sacrificar o cavalo com} 23... h6 24. gxf5 $1 hxg5 25. fxg5
{quando os peões oferecem compensação.}) 21. Bxc4 exf4 $2 {Uma ideia totalmente
errada.} (21... e4 {é o lance natural, tirando a casa f3 do cavalo.} 22. h4 (22.
Ne3 $2 d5 $1 23. Bxd5 Ne7 {leva a uma posição que já vimos antes. As Negras jogarão
h6 em seguida.}) 22... Na5 23. Ba2 Nb3 24. Bxb3 Rxb3 {Os cavalos das Brancas
estão instáveis e as Negras têm uma clara vantagem.}) (21... Na5 {também é muito
bom para as Negras depois de} 22. Ba2 Nb3 23. Bxb3 Rxb3) 22. Nf3 Na5 $2 {Isso
piora as coisas.} (22... Ne5 23. Ba2 {com uma ligeira vantagem para as
Brancas.}) 23. Ba2 Nb3 24. Bxb3 Rxb3 {Claramente algo deu errado com os cálculos
das Negras, já que sua posição se tornou consideravelmente pior.} 25. Nxf4 $2 {A
tensão desta partida importante é sentida por ambos os jogadores, que cometem
mais erros do que o usual.} (25. Rad1 $2 {também não é convincente:} 25... Bxd5 $1
26. Qxd5 Rxb2) (25. Rf2 $1 {é o lance certo, protegendo b2.} 25... Bxd5 26. Qxd5
Qb6 27. Qd2 $1 Rb8 28. Re1 $1 {O detalhe final. As Negras não podem capturar em b2,
e sua posição se torna estrategicamente perdida.} 28... h6 (28... Rxb2 29. Qxb2
Qxb2 30. Rxb2 Rxb2 31. Re8+) 29. Re2 $1 {As Negras têm muitas fraquezas.}) 25...
Qb6+ 26. Rf2 Rb8 {Agora há tempo para atacar o peão de b2.} 27. Rd1 (27. Nh5
{não é suficiente para uma vantagem:} 27... Rxb2 28. Qxb2 Qxb2 29. Rxb2 Rxb2 30.
Nxg7 Kxg7 31. Rd1 Ra2 32. Rxd6 Rxa3 33. Nd4 {com um empate provável.}) 27...
Rxb2 28. Qxb2 Qxb2 29. Rxb2 Rxb2 30. Rxd6 a5 (30... Bxc3 31. Rxa6 {O par de
bispos deve ser suficiente para um empate, mas sempre é mais divertido empatar
com um peão a mais do que com um peão a menos.}) 31. Rd8 (31. Nd4 $4 {Nunca é
tarde para pendurar uma peça:} 31... Be5 $1) 31... Bxc3 32. Nd5 Rb1+ 33. Kf2 Rd1 $1
34. Rxg8+ Kxg8 35. Nxc3 Rc1 {O final é um empate, de acordo com a máquina, mas
certamente é mais fácil jogar com os cavalos.} 36. Nb5 Rc2+ 37. Kf1 Kf7 38. Nfd4
{O status quo será mantido por bastante tempo, com os cavalos indo de um lado
para o outro e a avaliação da posição permanecendo a mesma.} 38... Rc1+ 39. Ke2
Kf6 40. Nd6 Rc3 41. N6b5 Rc1 42. Ke3 Rg1 43. Kf2 Rc1 44. Ne2 Rb1 45. Nbc3 Rb3
46. a4 Ke5 47. g3 Rb6 48. Ke3 Rb4 49. Kd3 h6 50. Ke3 Rb3 51. Kd3 Rb4 {É difícil
para as Brancas criar um plano ativo que coloque problemas para as Negras.} 52.
Ng1 Rb8 53. Nf3+ Kf6 54. Nd4 Rd8 55. Ke3 Rc8 56. Kd3 Rd8 57. Ne2 {Gukesh
continua a recusar repetições de lances e manobra seus cavalos pacientemente.}
57... Rb8 58. Nf4 Rb1 59. Nd5+ Ke5 60. Nc3 Rh1 {Como de costume, o GM chinês
prefere um lance ativo, o que é uma boa escolha.} (60... Rb6 61. Nf3+ Kd6
{também é suficiente para um empate.}) 61. Nf3+ Kd6 62. h4 Rh3 $1 63. Ne2 f4 $1 64.
Nfg1 Rh1 65. gxf4 Rxh4 66. Nf3 Rh1 67. f5 {O peão de f, apoiado pelos cavalos, é
a última esperança de vitória das Brancas.} 67... h5 $6  $146ão há nada realmente
errado com este lance, mas no que segue, as Negras se colocam em perigo, tendo
que encontrar uma única maneira de empatar.} (67... Ra1 {é mais fácil:} 68. Nc3
Ke7 {As Brancas não conseguem coordenar os cavalos e o empate é inevitável.})
68. Nc3 h4 69. Ne4+ Kd7 70. Ne5+ Kd8 (70... Ke7 {também é possível.}) 71. f6 {De
repente, tornou-se difícil salvar a posição das Negras. A partida chegou a uma
posição típica de estudo.} 71... h3 $2 {O erro decisivo.} (71... Rd1+ $1 {é a única
defesa. As variantes seguintes são difíceis de entender, pois dependem de
cálculos brutos e não tanto de considerações lógicas.} 72. Ke2 (72. Ke3 Re1+ $1
{Novamente o único lance.} 73. Kf4 h3 {E parece que as Negras escapam aqui.})
(72. Kc4 h3 {Há algumas linhas fantásticas.} 73. Ng5 (73. f7 Rc1+ $1 {Novamente o
único lance. Incrivelmente difícil.} (73... Ke7 74. Ng5 {as Brancas ganham.})
(73... Rf1 74. Ng5 h2 75. Ngf3 $1 {A mesma ideia da partida.}) 74. Kb3 (74. Kb5
Rf1 75. Ng5 Rf5 $1 {Agora há este lance salvador.}) 74... Rb1+ 75. Kc2 Rf1 76. Ng5
h2 77. Ngf3 Ke7 {com o rei na segunda fileira, as Negras têm esta opção.} 78.
Nxh2 Rf2+ 79. Kd3 Rxh2 80. Nc6+ Kxf7 81. Nxa5 {com um empate.}) 73... Rc1+ $1
(73... h2 $2 74. f7 Rf1 75. Ngf3 $1) (73... Rf1 74. f7 Ke7 75. Ng6+ Kd8 76. Ne6+ $1
Kd7 77. Nef4 {Os cavalos continuam manobrando e o peão de f promove.}) 74. Kb5
Rf1 75. f7 (75. Ngf3 Ke8 76. Kxa5 Rf2 {seguido por h2.}) 75... Rf5 $1 76. f8=Q+
Rxf8 77. Nxh3 Rf5 {com um empate.}) 72... Rd5 $1 73. Ng6 Rf5 $1 74. Nxh4 Rf4 $1 {Que
torre $1} 75. Ng6 Rxe4+ 76. Kd3 Rxa4 $1 77. f7 Rf4 $1 78. Nxf4 Ke7 {e todos os peões
das Brancas são capturados. Uma variante bonita.}) 72. f7 Rf1 73. Ng5 $1 h2 74.
Ngf3 (74. Nef3 {é mais preciso, de acordo com o computador, mas isso é
humanamente impossível. Veja a justificativa:} 74... h1=Q 75. f8=Q+ Kc7 76. Ne6+
Kd7 77. Qf7+ Kd6 78. Ned4 $3 {e o rei está sem defesa contra o ataque, enquanto,
surpreendentemente, os xeques das Negras não são perigosos.}) 74... Ke7 $2 (74...
h1=Q {perde::} 75. f8=Q+ Kc7 76. Qe7+ Kb6 77. Nc4+ Ka6 78. Qd6+ Kb7 79. Qd7+ Kb8
80. Qd8+ Kb7 81. Nxa5+ Ka6 82. Qa8+ Kb6 83. Qc6+ Kxa5 84. Qb5# {Quem poderia
prever que o peão em a4 seria tão importante $2}) (74... Rd1+ $1 {É a última chance. $146ão é fácil demonstrar uma vitória aqui.} 75. Kc4 $1 (75. Ke2 $2 Ke7 76. Nxh2 Ra1 {O
peão de a é capturado.}) 75... h1=Q 76. f8=Q+ Kc7 {Surpreendentemente, não é
fácil dar xeque-mate.} 77. Qf4 $3 {Aparentemente, este é o lance que ganha, mas
me pergunto se Gukesh conseguiria encontrá-lo.}) 75. Nxh2 Ra1 76. Nhg4 $1 {O único
lance que ganha.} 76... Ra3+ 77. Kd2 Rxa4 78. Nh6 $1 Ra2+ (78... Rf4 79. Ng6+) 79.
Ke3 Ra3+ 80. Ke4 {Cg6+ não pode ser evitado. Uma batalha nervosa e fascinante.}
1-0